 Dungeon Crawl Stone Soup version 0.17-a0-1378-g281efdd (webtiles) character file.

1584 Steifyn the Shield-Bearer (level 8, 0/70 HPs)
             Began as a Hill Orc Fighter on June 14, 2015.
             Was an Elder of Lugonu.
             Slain by Erica
             ... wielding a +1 scimitar of flaming
              (1 damage)
             ... on level 8 of the Dungeon.
             The game lasted 00:23:44 (2953 turns).

Steifyn the Shield-Bearer (Hill Orc Fighter)        Turns: 2953, Time: 00:23:45

Health: 0/70       AC: 15    Str: 26    XL:     8   Next: 92%
Magic:  8/8        EV: 10    Int:  8    God:    Lugonu [****..]
Gold:   204        SH:  0    Dex: 10    Spells: 0 memorised, 7 levels left

rFire  + . .     SeeInvis .     j - +1 flail (protect)
rCold  . . .     Clarity  .     b - +1 scale mail
rNeg   . . .     SustAt   .     c - +0 shield
rPois  .         Gourm    .     (no helmet)
rElec  .         Spirit   .     (no cloak)
rCorr  .         Warding  .     p - +0 pair of gloves
rMut   +         Stasis   .     (no boots)
MR     .....                    g - amulet of resist mutation
Stlth  ..........               n - ring of protection from fire
                                m - +5 ring of strength

@: confused, lethally poisoned (0 -> -5), slowed, very slow, not resistant to
hostile enchantments, extremely unstealthy
A: no striking features
a: Depart the Abyss, Bend Space, Banish, Corrupt, Renounce Religion, Convert to
Beogh


You were on level 8 of the Dungeon.
You worshipped Lugonu.
Lugonu was greatly pleased with you.
You were hungry.

You visited 1 branch of the dungeon, and saw 8 of its levels.

You collected 204 gold pieces.

Inventory:

Hand weapons
 j - a +1 flail of protection (weapon)
Armour
 b - a +1 scale mail (worn)
 c - a +0 shield (worn)
 p - a +0 pair of gloves (worn)
Jewellery
 g - an amulet of resist mutation (around neck)
 h - an uncursed ring of fire
 m - a +5 ring of strength (left hand)
 n - a ring of protection from fire (right hand)
Scrolls
 f - 3 scrolls of teleportation
 l - a scroll of remove curse
Potions
 a - a potion of resistance
 d - a potion of agility
 k - a potion of brilliance
Comestibles
 e - 4 bread rations
 i - a meat ration


   Skills:
 + Level 5.9 Fighting
   Level 4.7(5.4) Axes
 + Level 3.1(4.0) Maces & Flails
 + Level 6.5 Armour
 + Level 3.6 Dodging
 + Level 7.2 Shields
 + Level 0.6 Invocations


You had 7 spell levels left.
You didn't know any spells.

Dungeon Overview and Level Annotations

Branches:
Dungeon (8/15)             Temple (0/1) D:5
   Lair: D:8-11

Altars:
Lugonu

Shops:
D:4 *

Annotations:
D:8 Erica


Message History

The orc priest shouts, "Join the one true god or die!"
You're too confused!
You bump into the rock wall.
You feel sick. The quokka skeleton bites you.
* * * LOW HITPOINT WARNING * * *
Erica points at you and mumbles some strange words.
You resist with significant effort.
You're too confused to move!
You feel sick.
The quokka skeleton bites you but does no damage.
Erica casts a spell.
Erica flickers and vanishes!
Deactivating autopickup; reactivate with Ctrl-A.
The quokka skeleton barely misses you.
You feel sick. Something hits you.
* * * LOW HITPOINT WARNING * * *
You're too confused!
* * * LOW HITPOINT WARNING * * *
You feel sick. Something hits you.
* * * LOW HITPOINT WARNING * * *
Something burns you.
You die...

.# .. ###. ##
#... .#
####.#.###.#.####
......$o.........
..####oo#.#.#.##
###.o#.# #.@Z.#.#
#.##.#.# #. [...#
## ##.## .. ..#
..# ..


You could see an orc warrior, an orc priest, 2 orcs and a quokka skeleton.

Vanquished Creatures
  Edmund (D:5)
  Duvessa (D:5)
  3 ogres
  A phantom (D:6)
  4 centaurs (D:5)
  3 giant frogs (D:7)
  Dowan (D:5)
  A water moccasin skeleton (D:6)
  A crimson imp (D:7)
  A hound (D:5)
  An iguana (D:5)
  3 orc wizards
  2 worker ants
  A worker ant zombie (D:5)
  7 adders
  A shadow imp (D:7)
  3 giant geckos
  26 orcs
  6 bats
  6 goblins
  4 hobgoblins
  6 jackals
  10 kobolds
  A ball python (D:1)
  A ball python zombie (D:5)
  A giant cockroach (D:1)
  4 giant newts
  8 rats
108 creatures vanquished.

Notes
Turn   | Place    | Note
--------------------------------------------------------------
     0 | D:1      | Steifyn the Hill Orc Fighter began the quest for the Orb.
     0 | D:1      | Reached XP level 1. HP: 19/19 MP: 1/1
    86 | D:1      | Reached XP level 2. HP: 25/27 MP: 2/2
   405 | D:1      | Reached XP level 3. HP: 28/33 MP: 3/3
   440 | D:2      | Reached skill level 4 in Shields
   444 | D:2      | Found a faded altar to an unknown god.
   458 | D:2      | Became a worshipper of Lugonu the Unformed
   458 | D:2      | Acquired Lugonu's first power
   458 | D:2      | Acquired Lugonu's second power
   672 | D:2      | Reached XP level 4. HP: 38/40 MP: 4/4
  1368 | D:3      | Reached skill level 1 in Dodging
  1383 | D:3      | Acquired Lugonu's third power
  1383 | D:3      | Reached XP level 5. HP: 37/46 MP: 5/5
  1657 | D:4      | Found Verirhe's Elemental Accessories.
  1755 | D:5      | Entered Level 5 of the Dungeon
  1755 | D:5      | Noticed Edmund
  1755 | D:5      | Noticed a centaur
  1765 | D:5      | Reached XP level 6. HP: 22/53 MP: 6/6
  1773 | D:5      | Killed a centaur
  1775 | D:5      | Killed Edmund
  1775 | D:5      | Reached skill level 5 in Armour
  1775 | D:5      | Reached skill level 5 in Shields
  1775 | D:5      | Reached XP level 7. HP: 21/60 MP: 7/7
  1829 | D:5      | Noticed a centaur
  1837 | D:5      | Killed a centaur
  1941 | D:5      | Noticed a centaur
  1947 | D:5      | Killed a centaur
  1959 | D:5      | Noticed Duvessa
  1963 | D:5      | Noticed Dowan
  1973 | D:5      | Killed Duvessa
  1973 | D:5      | Reached skill level 5 in Fighting
  1987 | D:5      | Killed Dowan
  2304 | D:5      | Found a staircase to the Ecumenical Temple.
  2417 | D:5      | Reached skill level 1 in Maces & Flails
  2417 | D:5      | Reached XP level 8. HP: 57/68 MP: 8/8
  2476 | D:5      | Reached skill level 6 in Shields
  2724 | D:7      | Reached skill level 7 in Shields
  2829 | D:7      | Acquired Lugonu's fourth power
  2923 | D:8      | Noticed Erica
  2953 | D:8      | HP: 1/70 [something (4)]
  2953 | D:8      | Slain by Erica

Vault maps used:
D:1:      tarquinn_simple_flora_water_a
D:2:      ecumenical_altar_1
D:3:      kennysheep_small_spiral
D:4:      lemuel_round_altar, nicolae_elemental_shop
D:5:      minmay_temple_entry_trees, first_bread, uniq_edmund, uniq_duvessa
D:6:      basic_altar
D:8:      minitemple, hangedman_little_slice_of_home,
          makhleb_blood_cavern_becter, uniq_erica, uniq_erolcha

Action                   |  1- 3 |  4- 6 |  7- 9 || total
-------------------------+-------+-------+-------++-------
Melee: War axe           |   110 |   128 |       ||   238
       Flail             |       |       |   201 ||   201
Invok: Banish            |       |     1 |       ||     1
  Use: Scroll            |     4 |     3 |     4 ||    11
       Potion            |     3 |     4 |     1 ||     8
  Eat: Fruit             |       |     3 |       ||     3
       Meat ration       |       |     1 |       ||     1
